 Dungeon Crawl Stone Soup version 0.30-a0-122-g2a1322497e (webtiles) character file.

Game seed: 11402469568907165870

70 tilp the Grave Robber (level 4, -2/33 HPs)
             Began as a Mummy Necromancer on Sept 15, 2022.
             Slain by Pargi (3 damage)
             ... in a sewer.
             The game lasted 00:04:16 (2248 turns).

tilp the Grave Robber (Mummy Necromancer)           Turns: 2248, Time: 00:04:16

Health: -2/33      AC:  2    Str: 11    XL:     4   Next: 4%
Magic:  1/8        EV: 12    Int: 16    God:
Gold:   915        SH:  0    Dex: 12    Spells: 5/9 levels left

rFire   x . .      SeeInvis .    a - +0 short sword
rCold   + . .      Faith    +    (no shield)
rNeg    + + +      Spirit   .    c - +0 robe
rPois   ∞          Reflect  .    (no helmet)
rElec   .          Harm     .    (no cloak)
rCorr   .          Rampage  .    (no gloves)
Will    .....                    (no boots)
Stlth   +.........               (no amulet)
HPRegen 0.11/turn                (no ring)
MPRegen 0.11/turn                (no ring)

@: silenced, very slow
A: cold resistance 1, negative energy resistance 3, torment resistance 2, heat
vulnerability 1, in touch with death 1, no potions, faith
a: no special abilities


You were in a sewer.
You visited 1 branch of the dungeon, and saw 3 of its levels.
You also visited: Sewer.

You collected 915 gold pieces.

Inventory:

Hand Weapons
 a - a +0 short sword (weapon)
Missiles
 b - 9 stones (quivered)
 j - 7 poisoned darts
Armour
 c - a +0 robe (worn)
Scrolls
 d - 2 scrolls of noise
 f - a scroll of brand weapon
 h - 2 scrolls of amnesia
 l - a scroll of butterflies {unknown}


   Skills:
 * Level 2.0 Fighting
 - Level 2.0 Dodging
 - Level 2.0 Stealth
 - Level 3.0 Spellcasting
 * Level 4.5 Necromancy


You had 5 spell levels left.
You knew the following spells:

 Your Spells              Type           Power      Damage    Failure   Level
a - Necrotise             Necr           100%       1d9       2%          1
b - Vampiric Draining     Necr           25%        2d7       9%          3

Your spell library contained the following spells:

 Spells                   Type           Power      Damage    Failure   Level
 Animate Dead             Necr           25%        N/A       28%         4
 Confusing Touch          Hex            2%         N/A       50%         3
 Summon Guardian Golem    Hex/Summ       2%         N/A       50%         3
 Agony                    Necr           25%        N/A       61%         5
 Yara's Violent Unravell  Hex/Tmut       1%         3d3       99%         5
 Enfeeble                 Hex            1%         N/A       100%        7
 Orb of Destruction       Conj           1%         9d5       100%        7
 Spellforged Servitor     Conj/Summ      1%         N/A       100%        7


Dungeon Overview and Level Annotations

Branches:
Dungeon (3/15)              Sewer (1/1)

Altars:

Annotations:
Sewer Pargi


Innate Abilities, Weirdness & Mutations

You are immune to poison.
Your flesh is cold resistant. (rC+)
You are immune to negative energy. (rN+++)
You are immune to unholy pain and torment.
You are vulnerable to heat. (rF-)
You are in touch with the powers of death.
You do not drink.
You have a special connection with the divine. (Faith)


Message History

Aiming: Necrotise (safe; 2% risk of failure)
Press: ? - help, Shift-Dir - straight line, f/p - Pargi
Aim: Pargi (heavily wounded, chance to affect: 88%)
You feel a surge of power!
Pargi writhes in agony.
Pargi closely misses you. Pargi barely misses you. x2
Unknown command.
Unknown command.
You hit Pargi.
Pargi is severely wounded.
Pargi bites you. Pargi claws you.
* * * LOW HITPOINT WARNING * * *
Pargi closely misses you.
Unknown command.
Okay, then.
You aren't carrying any items that you can evoke.
As you read the scroll labelled RUKUOMNEPP, it crumbles to dust.
You feel aware of your surroundings.
You sensed 1 shop/portal.
It was a scroll of magic mapping.
Pargi bites you.
* * * LOW HITPOINT WARNING * * *
Pargi misses you. Pargi claws you.
* * * LOW HITPOINT WARNING * * *
Unknown command.
Okay, then.
As you read the scroll labelled QOZOTH VAPT, it crumbles to dust.
The creatures around you are filled with an inner flame!
It was a scroll of immolation.
Pargi closely misses you. Pargi claws you.
* * * LOW HITPOINT WARNING * * *
Pargi barely misses you.
Unknown command.
As you read the scroll labelled IGUICSUPUE, it crumbles to dust.
A profound silence engulfs you.
It was a scroll of silence.
Pargi barely misses you. x2; Pargi claws you.
* * * LOW HITPOINT WARNING * * *
Your magical contamination has completely faded away.
Magic scrolls do not work when you're silenced!
Pargi barely misses you. Pargi claws you.
* * * LOW HITPOINT WARNING * * *
Pargi barely misses you. Pargi attacks as you move away!
Pargi barely misses you. Pargi claws you.
You die...

~~~~~~~~≈≈≈≈≈≈≈≈≈≈≈≈≈#
~~~~~~~~≈≈≈≈≈≈≈≈≈≈≈≈≈###
~~~~~~~~~≈≈≈≈≈≈≈≈≈≈≈≈≈≈#
~~~~~***.~≈≈≈≈≈≈≈≈≈≈≈≈≈###*
~~~~** **#.~≈≈≈≈≈≈≈≈≈≈≈≈≈≈*
~~~,,* *#.~≈≈≈≈≈≈≈≈≈≈≈≈≈*
~~~,** **#(~~≈≈≈≈≈≈≈≈≈≈*
~,*** ####T≈≈≈≈≈≈≈≈#* ~,,*
#.@≈≈≈≈≈≈≈≈#** ****
###.≈≈≈≈≈≈≈≈~* #
##.≈≈≈≈≈≈#** # ##..≈≈≈≈≈≈#
# ***** #..≈≈≈≈≈≈≈# #
*,,?#######.≈≈≈≈≈≈≈# #
*,∩~....~.~≈≈≈≈≈≈≈≈#
*,,!#######.≈≈≈≈≈≈≈#* *****
##.≈≈≈≈≈≈≈≈**


You could see Pargi (inner flame).

Vanquished Creatures
  An adder (Sewer)
  A dart slug (D:1)
  4 ball pythons
  6 endoplasms
  2 giant cockroaches
  8 goblins
  4 hobgoblins
  5 kobolds
  2 quokkas (D:1)
  5 bats
  2 frilled lizards (Sewer)
  9 rats
  A spectral kobold (D:1)
50 creatures vanquished.

Vanquished Creatures (collateral kills)
  A worm (D:2)
  A ball python (D:3)
2 creatures vanquished.

Grand Total: 52 creatures vanquished

Notes
Turn   | Place    | Note
-------+----------+-------------------------------------------
     0 | D:1      | tilp the Mummy Necromancer began the quest for the Orb.
     0 | D:1      | Reached XP level 1. HP: 13/13 MP: 4/4
   279 | D:1      | Found a faded altar of an unknown god.
   406 | D:1      | Reached XP level 2. HP: 16/20 MP: 0/5
   484 | D:1      | Reached skill level 1 in Fighting
  1176 | D:1      | Gained mutation: You are in touch with the powers of death.
                  | [Mummy growth]
  1176 | D:1      | Reached XP level 3. HP: 26/26 MP: 3/7
  1298 | D:1      | Identified a scroll of acquirement
  1298 | D:1      | Acquired 876 gold pieces
  1646 | D:2      | Learned a level 3 spell: Vampiric Draining
  2045 | D:3      | Found a glowing drain.
  2106 | Sewer    | Entered a sewer
  2157 | Sewer    | Reached XP level 4. HP: 31/33 MP: 3/8
  2227 | Sewer    | Noticed Pargi
  2247 | Sewer    | HP: 1/33 [Pargi (2)]
  2248 | Sewer    | Slain by Pargi

Illustrated notes

Levels and vault maps discovered:
D:1:      amcnicky_arrival_double_pillar, layout_basic,
          dreamdust_ecumenical_altar_drowned_temple, kennysheep_small_spiral,
          minmay_misc_feat_rows
D:2:      layout_rooms
D:3:      layout_basic, overflow_temple_1_default, mainiacjoe_overflow_24_doors,
          cheibrodos_sewer_entry_drain, grunt_ministairs_4,
          uniq_crazy_yiuf_cottage
Sewer:    sewer_co_pargi_island

Skill      XL: |  1  2  3 |
---------------+----------+-----
Fighting       | 1 2 |  2.0
Spellcasting   | 3 |  3.0
Dodging        | 2 |  2.0
Stealth        | 2 |  2.0
Necromancy     | |  4.5

Action                   |  1- 3 |  4- 6 || total
-------------------------+-------+-------++-------
Melee: Short sword       |    28 |     6 ||    34
       Punch             |     1 |       ||     1
Throw: Stone             |     2 |     2 ||     4
       Throwing net      |       |     2 ||     2
 Cast: Necrotise         |    76 |     3 ||    79
       Vampiric Draining |       |     2 ||     2
  Use: Scroll            |     4 |     3 ||     7
 Stab: Sleeping          |     4 |       ||     4
Armor: Robe              |    11 |     1 ||    12
Dodge: Dodged            |    24 |    19 ||    43

Table legend: (Time is in decaauts)
 A = Elapsed time spent in this place.
 B = Non-inter-level travel time spent in this place.
 C = Inter-level travel time spent in this place.
 D = Time resting spent in this place.
 E = Time spent auto-exploring this place.
 F = Levels seen in this place.
 G = Mean time per level.
                   A        B        C        D        E       F      G
               +--------+--------+--------+--------+--------+-----+--------+
         Total |   2268 |   2223 |     45 |     94 |   1779 |   4 |  567.0 |
       Dungeon |   2113 |   2068 |     45 |     43 |   1734 |   3 |  704.3 |
         Sewer |    155 |    155 |      0 |     51 |     45 |   1 |  155.0 |
               +--------+--------+--------+--------+--------+-----+--------+

Top non-repeatable levels by time:
     D:1: 1320 daAuts
     D:2: 525 daAuts
     D:3: 267 daAuts
   Sewer: 155 daAuts
